cohdb
Replays
Latest Replays
All Replays
Popular Replays
Top Player Replays
Match Explorer
How It Works
Community
CoH3 Stats
Reddit
Sign in to upload your games and track your stats! →
Sign in with Steam
Match 42218694
Unlisted
Match 42218694
Overview
Messages
Build Orders
End
Panzergrenadier Squad
Selects Panzerjäger Kommand Battlegroup
Selects Panzerjäger Kommand Battlegroup
Panzerpioneer Squad
250 Light Carrier
Construct Light Support Kompanie
Selects Mine Fields
Construct Mechanized Kompanie
Panzerpioneer Squad
Marder III Tank Destroyer
Marder III Tank Destroyer
Vehicle Survival Package
Tungsten Core Ammunition
Marder III Tank Destroyer
Support Armor Elements
Selects Early Warning
Selects Butterfly Bomb Drop
StuG III D Assault Gun
Rapid Advance
Emergency Repair Kits
Butterfly Bomb Drop
8 Rad Armored Car
Advanced Optics
StuG III D Assault Gun
Bosman
PnutSCrosant
Sleepingpigs
用冈本算不算穿和服
threestars
gUi
坐牢大行动
YOU CANT SEE ME
0
0
Comments
sign in to comment!
No comments posted yet!